 Dungeon Crawl Stone Soup version 0.25.0-46-gbd7b0854d2 (webtiles) character file.

Game seed: 9205067748348004646

259 DerDa the Magician (level 5, -3/35 HPs)
             Began as a Mummy Wizard on July 16, 2020.
             Was a Follower of Sif Muna.
             Slain by a worm (10 damage)
             ... on level 4 of the Dungeon.
             The game lasted 00:12:15 (5035 turns).

DerDa the Magician (Mummy Wizard)                   Turns: 5035, Time: 00:12:16

Health: -3/35      AC:  3    Str: 11    XL:     5   Next: 94%
Magic:  15/22      EV: 12    Int: 18    God:    Sif Muna [*.....]
Gold:   133        SH:  0    Dex: 10    Spells: 8/16 levels left

rFire    x . .     SeeInvis .   m - +0 long sword
rCold    + . .     Gourm    .   (no shield)
rNeg     + + +     Faith    .   a - +0 robe
rPois    ∞         Spirit   .   b - +1 hat
rElec    .         Reflect  .   (no cloak)
rCorr    .         Harm     .   (no gloves)
MR       +....                  (no boots)
Stlth    ++........             (no amulet)
HPRegen  0.11/turn              p - ring of magical power
MPRegen  0.18/turn              o - ring of protection from magic

@: about to teleport, very slightly contaminated
A: no food or potions, fire vulnerability, cold resistance 1, negative energy
resistance 3, torment resistance, unbreathing
a: Channel Magic, Renounce Religion


You were on level 4 of the Dungeon.
You worshipped Sif Muna.
Sif Muna was aware of your devotion.
You were not hungry.

You visited 1 branch of the dungeon, and saw 4 of its levels.

You collected 133 gold pieces.

Inventory:

Hand Weapons
 d - a +0 club
 m - a +0 long sword (weapon)
Missiles
 c - 122 stones
 g - 29 poisoned darts (quivered)
 j - 32 sling bullets
 n - 25 bolts
Armour
 a - a +0 robe (worn)
 b - a +1 hat (worn)
 e - a +2 buckler
Jewellery
 o - a ring of protection from magic (right hand)
 p - a ring of magical power (left hand)
Scrolls
 f - a scroll of fog
 i - a scroll of enchant armour
 k - a scroll of random uselessness {unknown}
 l - a scroll of immolation {unknown}
 q - a scroll of identify {unknown}
 r - a scroll of enchant weapon {unknown}
 s - a scroll of magic mapping {unknown}
 t - a scroll of amnesia {unknown}


   Skills:
 - Level 1.5 Dodging
 - Level 1.5 Stealth
 * Level 6.0 Spellcasting
 * Level 3.0 Conjurations
 - Level 0.7 Summonings
 - Level 0.7 Translocations
 + Level 1.2 Air Magic
 + Level 1.3 Poison Magic


You had 8 spell levels left.
You knew the following spells:

 Your Spells              Type           Power        Failure   Level  Hunger
a - Magic Dart            Conj           ###.         3%          1    N/A
b - Mephitic Cloud        Conj/Pois/Air  ##......     17%         3    N/A
c - Call Imp              Summ           #.......     14%         2    N/A
q - Blink                 Tloc           N/A          14%         2    N/A

Your spell library contained the following spells:

 Spells                   Type           Power        Failure   Level  Hunger
 Slow                     Hex            #.......     19%         2    N/A
 Conjure Flame            Conj/Fire      ##......     19%         3    N/A

Dungeon Overview and Level Annotations

Branches:
Dungeon (4/15)
 Temple: D:4-7

Altars:
Fedhas
Sif Muna

Shops:
D:4 (


Innate Abilities, Weirdness & Mutations

You do not eat or drink.
Your flesh is vulnerable to fire.
You are immune to poison.
Your flesh is cold resistant. (rC+)
You are immune to negative energy. (rN+++)
You are immune to unholy pain and torment.
You can survive without breathing.


Message History

The howler monkey hits you. The ball python bites you.
The ball python constricts you.
Unknown command.
As you read the scroll labeled RACIOR COOCOU, it crumbles to dust.
It is a scroll of enchant armour.
Your +0 hat glows green for a moment.
The howler monkey hits you.
* * * LOW HITPOINT WARNING * * *
The ball python barely misses you.
You riposte.
You hit the ball python.
The ball python is moderately wounded.
* * * LOW HITPOINT WARNING * * *
The ball python constricts you.
Unknown command.
As you read the scroll labeled FOSMOIFEVIST, it crumbles to dust.
You feel strangely unstable.
It was a scroll of teleportation.
The ball python barely misses you. The ball python constricts you.
You hit the ball python.
You kill the ball python!
Sif Muna accepts your kill.
The howler monkey hits the worm.
The worm bites you!
You die...

......o#
......#
...... .....
..§# §o# #§#
#@# #w##
#####§h######
#............
#..........##
#.....?....#
#..........#
#...(......#
#......∩.....


You could see a worm, a howler monkey (confused) and an orc.

Vanquished Creatures
  A centaur zombie (D:2)
  2 orc priests (D:3)
  5 adders
  An ooze (D:2)
  A worm (D:2)
  3 dart slugs
  3 leopard geckos
  3 orcs (D:3)
  2 ball pythons
  13 giant cockroaches
  11 goblins
  6 hobgoblins
  13 jackals
  2 quokkas (D:2)
  12 bats
  4 frilled lizards
  11 kobolds
  6 rats
99 creatures vanquished.

Notes
Turn   | Place    | Note
-------+----------+-------------------------------------------
     0 | D:1      | DerDa the Mummy Wizard began the quest for the Orb.
     0 | D:1      | Reached XP level 1. HP: 13/13 MP: 5/5
    34 | D:1      | Reached skill level 1 in Conjurations
   258 | D:1      | Reached XP level 2. HP: 19/19 MP: 2/7
   922 | D:1      | Reached XP level 3. HP: 24/24 MP: 3/9
  1593 | D:2      | Reached skill level 5 in Spellcasting
  1739 | D:2      | Learned a level 3 spell: Mephitic Cloud
  1766 | D:2      | Learned a level 2 spell: Blink
  1986 | D:2      | Reached XP level 4. HP: 29/30 MP: 0/11
  2535 | D:2      | Learned a level 2 spell: Call Imp
  2892 | D:2      | Reached XP level 5. HP: 10/35 MP: 11/13
  3125 | D:2      | Found a shimmering blue altar of Sif Muna.
  3131 | D:2      | Became a worshipper of Sif Muna the Loreminder
  3710 | D:3      | Reached skill level 1 in Poison Magic
  4070 | D:3      | Reached skill level 1 in Air Magic
  4490 | D:3      | Reached skill level 6 in Spellcasting
  4907 | D:3      | Reached * piety under Sif Muna
  5020 | D:4      | Found a blossoming altar of Fedhas.
  5020 | D:4      | Found Tippy's Antique Weapon Boutique.
  5035 | D:4      | Slain by a worm

Illustrated notes

Levels and vault maps discovered:
D:1:      minmay_arrival_stair_chambers, layout_loops_ring,
          minmay_worlds_worst_comb
D:2:      minmay_inner_zag, layout_basic, led_sif_pool, minmay_pentomino_p4
D:3:      layout_basic
D:4:      layout_rooms, vehumet_statue, okawaru_gym_becter, fedhas_altar_1,
          serial_shops, shop, first_ration

Skill      XL: |  1  2  3  4  5 |
---------------+----------------+-----
Conjurations   | 1 2 3 |  3.0
Spellcasting   | 5 6 |  6.0
Poison Magic   | 1 |  1.3
Air Magic      | 1 |  1.2
Dodging        | |  1.5
Stealth        | |  1.5
Summonings     | |  0.7
Translocations | |  0.7

Action                   |  1- 3 |  4- 6 || total
-------------------------+-------+-------++-------
Melee: Unarmed           |     2 |       ||     2
       Club              |    38 |       ||    38
       Long sword        |     1 |     7 ||     8
 Cast: Magic Dart        |   119 |   144 ||   263
       Mephitic Cloud    |       |     2 ||     2
  Use: Scroll            |       |     3 ||     3
Armor: Robe              |    14 |     5 ||    19
Dodge: Dodged            |    76 |    29 ||   105
       Rpst.: Long sword |       |     7 ||     7
